 Dungeon Crawl Stone Soup version 0.29-a0-857-g9b1aa3ac5b (webtiles) character file.

Game seed: 8758312862118591460

14977 buhh the Spry (level 11, -21/85 HPs)
             Began as a Felid Berserker on July 16, 2022.
             Was an Elder of Trog.
             Demolished by an orc warrior
             ... wielding a +0 trident
             ... led by an orc knight
              (25 damage)
             ... on level 2 of the Orcish Mines.
             The game lasted 00:59:43 (33421 turns).

buhh the Spry (Felid Berserker)                    Turns: 33421, Time: 00:59:43

Health: -21/85     AC:  7    Str: 17    XL:     11   Next: 95%
Magic:  12/12      EV: 31    Int:  9    God:    Trog [****..]
Gold:   792        SH:  0    Dex: 15    Spells: 10/10 levels left
                                        Lives:  0   Deaths: 4

rFire   + . .      SeeInvis +     - Unarmed
rCold   + . .      Faith    .   (shield unavailable)
rNeg    . . .      Spirit   .   (body armour unavailable)
rPois   .          Reflect  .   (helmet unavailable)
rElec   .          Harm     .   (cloak unavailable)
rCorr   .          Rampage  .   (gloves unavailable)
Will    +....                   (boots unavailable)
Stlth   ..........              L - amulet of Temperance {rF+ Regen+ Str+4 Dex-5 Slay-4}
HPRegen 1.04/turn               j - +4 ring of evasion
MPRegen 0.13/turn               a - +4 ring of protection

@: berserking (expiring), marked, very quick
A: very small, claws 1, fangs 3, see invisible, speed 1, shaggy fur 3, stealthy
paws, no weapons or thrown items, no armour, multi-lived
a: Renounce Religion, Berserk, Trog's Hand, Brothers in Arms


You were on level 2 of the Orcish Mines.
You worshipped Trog.
Trog was greatly pleased with you.
You visited 3 branches of the dungeon, and saw 21 of its levels.
You also visited: Sewer.

You collected 1764 gold pieces.
You spent 972 gold pieces at shops.

Inventory:

Missiles
 i - 4 curare-tipped darts
 B - 28 poisoned darts
 K - 3 atropa-tipped darts
Magical Staves
 C - a staff of air
Jewellery
 a - a +4 ring of protection (right paw)
 j - a +4 ring of evasion (left paw)
 x - a ring of magical power
 D - a ring of fire
 H - a ring of positive energy
 J - a ring of magical power
 L - the amulet of Temperance (around neck) {rF+ Regen+ Str+4 Dex-5 Slay-4}
   (You bought it in a shop on level 2 of the Orcish Mines)

   [amulet of regeneration]

   Str:       It affects your strength (+4).
   Dex:       It affects your dexterity (-5).
   Slay:      It affects your accuracy & damage with ranged weapons and melee
   (-4).
   rF:        It protects you from fire.
   Regen:     It increases your rate of health regeneration.
Wands
 A - a wand of digging (2)
 E - a wand of flame (3)
 F - a wand of charming (11)
Scrolls
 b - a scroll of blinking {!d}
 c - 6 scrolls of teleportation {!d!d}
 d - 2 scrolls of magic mapping {!d}
 f - 4 scrolls of fog
 g - 2 scrolls of amnesia
 h - a scroll of brand weapon
 k - 2 scrolls of torment
 l - 2 scrolls of immolation {!r}
 u - 3 scrolls of noise
 I - a scroll of silence {!r}
Potions
 m - 4 potions of might
 n - 5 potions of lignification {!d}
 o - 3 potions of mutation {!q!d}
 p - 2 potions of invisibility {!d}
 q - a potion of magic {!d}
 r - 3 potions of cancellation {!q!d}
 s - 2 potions of resistance {!d}
 t - a potion of brilliance {!d}
 v - 10 potions of curing {!d}
 y - a potion of haste {!q}
 z - a potion of berserk rage {!q}
 G - 5 potions of attraction {unknown}
 M - a potion of ambrosia {unknown}
 Z - 5 potions of flight


   Skills:
 * Level 12.3 Fighting
 * Level 16.3 Dodging
 - Level 13.5 Stealth
 * Level 13.6 Unarmed Combat
 - Level 8.1 Evocations


You had 10 spell levels left.
You didn't know any spells.
Your spell library was empty.

Dungeon Overview and Level Annotations

Branches:
Dungeon (13/15) Zot: 26641  Temple (0/1) D:5            Lair (6/6) D:10 Zot: 21816
 Shoals (0/4) Lair:2        Slime (0/5) Lair:6          Orc (2/2) D:11 Zot: 21172
    Elf (0/3) Orc:2         Sewer (visited)
  Snake: Lair:2-4    Spider: Lair:2-4    Vaults: D:13-14

Altars:
Dithmenos
Fedhas
Hepliaklqana
Kikubaaqudgha
Makhleb
Nemelex Xobeh
Trog
Vehumet
The Shining One
Jiyva

Shops:
D:2 (   D:12 !   Orc:2 [:(*

Annotations:
D:7 exclusions: deep elf pyromancer, steam dragon and troll
D:8 exclusion: 2 downstairs
D:11 exclusion: downstairs
Lair:2 exclusion: downstairs
Lair:4 Kirke
Lair:5 exclusion: upstairs
Lair:6 exclusion: catoblepas
Orc:1 Erica
Orc:2 2 transporters, davecave's ghost, journeyman TrMo


Innate Abilities, Weirdness & Mutations

You have sharp claws.
You have razor-sharp teeth.
You have supernaturally acute eyesight. (SInv)
You cover ground quickly. (Speed+)
Your thick and shaggy fur keeps you warm. (AC +3, rC+)
Your paws help you pounce on unaware monsters.
You are incapable of wielding weapons or throwing items.
You cannot wear armour.
You gain extra lives every three experience levels.


Message History

You claw the orc warrior!
You kill the orc warrior!
Trog accepts your kill.
A nearby fungus withers and dies.
The orc warrior no longer looks unusually strong.
The orc warrior misses you. The gnoll completely misses you. x3
The orc warrior barely misses you.
The orc high priest utters an invocation to Beogh.
The orc wizard hits you with a +0 dagger.
* * * LOW HITPOINT WARNING * * *
Your two-headed ogre hits the gnoll with a +0 giant club!!!
The gnoll dies!
Trog accepts your kill. What are your orders? t - Meow!
Anything else - Cancel.
Okay, then.
You claw the orc warrior!
The orc warrior is heavily wounded.
You scratch the orc warrior but do no damage.
Your claw misses the orc warrior.
The orc warrior is heavily wounded.
The orc high priest starts to sing a prayer. x2
The orc high priest mumbles some strange prayers to Beogh against you.
Beogh smites you!
* * * LOW HITPOINT WARNING * * *
The gnoll hits you from afar with a +0 halberd!
* * * LOW HITPOINT WARNING * * *
The gnoll completely misses you. The orc wizard completely misses you.
The orc warrior hits you from afar with a +0 glaive.
* * * LOW HITPOINT WARNING * * *
Your two-headed ogre closely misses the orc warrior.
Your two-headed ogre hits the orc warrior with a +0 giant spiked club!!
You claw the orc warrior!
You kill the orc warrior!
Trog accepts your kill.
The orc high priest hits your two-headed ogre with a +0 halberd!!
The orc high priest calls upon Beogh to heal the orc warrior.
The orc warrior is healed somewhat.
The orc warrior hits you from afar with a +0 trident!!
You die...

## ##.## ....#
#o...#. ##go.....
###..go....
#..@oo.....
#....3.O)....
#....P).o....
##.P....o....
.$............
##........).....
#.....P..........
##........∩........
#......)...........


You could see an orc knight (strong), 2 orc high priests, a neqoxec (summoned),
2 orc warriors, an orc wizard (strong, invisible), 2 gnolls, an orc (strong) and
a friendly two-headed ogre (summoned, berserk).

Vanquished Creatures
  3 hydras
  Fannar (D:12)
  2 two-headed ogres
  An orc high priest (Orc:2)
  A death yak (Lair:3)
  Lodul (D:10)
  An orc knight (Orc:1)
  An orc sorcerer (Orc:2)
  A cyclops (D:11)
  A manticore (D:12)
  3 black mambas (Lair:6)
  10 elephants
  11 cane toads
  2 rime drakes (Lair:6)
  An unseen horror (D:12)
  2 kobold demonologists (D:11)
  6 komodo dragons
  5 trolls
  A hornet (D:11)
  Grinder (D:3)
  4 polar bears (Lair:6)
  12 dream sheep (Lair:6)
  7 blink frogs
  A jumping spider (Lair:2)
  A culicivora (Lair:2)
  2 wyverns
  A spriggan (D:11)
  A shadow (D:9)
  3 hogs
  2 wraiths (D:10)
  38 yaks
  Grum (D:10)
  2 steam dragons
  6 basilisks
  4 vampire mosquitoes (D:12)
  8 wargs
  8 water moccasins
  3 black bears
  23 orc warriors
  A sky beast (D:6)
  35 wolves
  11 ogres
  3 centaurs
  A phantom (D:5)
  6 kobold brigands
  16 bullfrogs
  A scorpion (Lair:2)
  A necrophage (D:7)
  8 wights
  14 killer bees
  An electric eel (Lair:4)
  5 howler monkeys
  2 jellies
  4 hounds
  3 orc priests
  3 iguanas
  A gnoll bouda (D:6)
  Terence (D:3)
  11 orc wizards
  12 gnolls
  A river rat (Sewer)
  6 adders
  2 shadow imps (D:7)
  4 white imps
  3 ufetubi
  A worm (D:2)
  2 dart slugs
  38 orcs
  6 ball pythons
  6 endoplasms
  7 giant cockroaches
  4 goblins
  7 hobgoblins
  6 jackals
  3 quokkas
  7 bats
  3 frilled lizards
  13 kobolds
  14 rats
  A spectral hobgoblin (D:6)
456 creatures vanquished.

Vanquished Creatures (collateral kills)
  An orc warlord (Orc:2)
  An orc knight (Orc:1)
  A black mamba (Lair:6)
  A komodo dragon (Lair:6)
  A troll (Orc:2)
  An orc warrior (Orc:2)
  2 ogres (Orc:2)
  2 gnolls (Orc:2)
  3 orcs
13 creatures vanquished.

Vanquished Creatures (others)
  An orc knight (Orc:1)
  2 bushes
  86 fungi
  80 plants
169 creatures vanquished.

Grand Total: 638 creatures vanquished

Notes
Turn   | Place    | Note
-------+----------+-------------------------------------------
     0 | D:1      | buhh the Felid Berserker began the quest for the Orb.
     0 | D:1      | Reached XP level 1. HP: 10/10 MP: 2/2
   680 | D:1      | Reached XP level 2. HP: 14/14 MP: 3/3
  1107 | D:1      | Found a faded altar of an unknown god.
  1207 | D:1      | Reached ** piety under Trog
  1522 | D:2      | Reached XP level 3. HP: 17/17 MP: 4/4
  1991 | D:2      | Found Qobluiri's Antique Weapon Emporium.
  2224 | D:2      | Reached skill level 5 in Dodging
  2277 | D:2      | Reached XP level 4. HP: 22/22 MP: 5/5
  2658 | D:3      | Noticed Grinder
  2668 | D:3      | Noticed Terence
  2743 | D:3      | Killed Grinder
  2744 | D:3      | Reached skill level 6 in Dodging
  2744 | D:3      | Reached XP level 5. HP: 25/25 MP: 6/6
  2744 | D:3      | Gained mutation: You are covered in thick fur. (AC +2)
                  | [Felid growth]
  2744 | D:3      | Reached XP level 6. HP: 29/29 MP: 7/7
  3040 | D:3      | Killed Terence
  4340 | D:4      | Found a sparkling altar of Nemelex Xobeh.
  4473 | D:4      | Identified the +9 hand axe "Akazaw" {freeze, rPois rC+
                  | Int+6 Dex-3}
  4603 | D:5      | Entered Level 5 of the Dungeon
  4644 | D:5      | Reached skill level 5 in Fighting
  4644 | D:5      | Reached skill level 5 in Unarmed Combat
  4647 | D:5      | Reached XP level 7. HP: 33/33 MP: 8/8
  4704 | D:5      | Reached skill level 7 in Dodging
  4759 | D:5      | Found a staircase to the Ecumenical Temple.
  4892 | D:5      | Found a glowing drain.
  4896 | Sewer    | Entered a sewer
  5759 | Sewer    | Found a glowing silver altar of Zin.
  6893 | D:6      | Reached skill level 8 in Dodging
  6893 | D:6      | Reached XP level 8. HP: 23/38 MP: 9/9
  6917 | D:6      | Reached *** piety under Trog
  7579 | D:6      | Reached skill level 9 in Dodging
  7939 | D:6      | Found an ancient bone altar of Kikubaaqudgha.
  8095 | D:7      | Found a radiant altar of Vehumet.
  8127 | D:7      | Found a burning altar of Makhleb.
  8200 | D:7      | Found a bloodstained altar of Trog.
  8211 | D:7      | Found a blossoming altar of Fedhas.
  8307 | D:7      | Reached XP level 9. HP: 43/43 MP: 10/10
  8497 | D:7      | Reached skill level 10 in Dodging
  8674 | D:7      | Found a shadowy altar of Dithmenos.
  8931 | D:7      | Noticed a deep elf pyromancer
  8931 | D:7      | Noticed a troll
  9477 | D:6      | Found a hazy altar of Hepliaklqana.
  9477 | D:6      | You fall into a shaft and drop 1 floor!
 10107 | D:8      | Reached skill level 11 in Dodging
 10118 | D:8      | Reached XP level 10. HP: 37/49 MP: 11/11
 11688 | D:9      | Found a glowing golden altar of the Shining One.
 11877 | D:9      | Reached skill level 12 in Dodging
 12603 | D:10     | Entered Level 10 of the Dungeon
 12603 | D:10     | Noticed Lodul
 12614 | D:10     | Killed Lodul
 12974 | D:10     | Reached skill level 10 in Fighting
 12974 | D:10     | Reached skill level 1 in Evocations
 12981 | D:10     | Reached skill level 10 in Unarmed Combat
 13018 | D:9      | Reached **** piety under Trog
 13445 | D:10     | Reached skill level 13 in Dodging
 13651 | D:10     | Reached XP level 11. HP: 5/54 MP: 12/12
 13907 | D:10     | Noticed Grum
 14310 | D:11     | Identified the +1 dagger of Figeuph {vorpal, Int+5}
 14374 | D:11     | Found a staircase to the Orcish Mines.
 14538 | D:11     | Noticed a skeletal warrior
 14539 | D:11     | Noticed a skeletal warrior
 14539 | D:11     | Noticed a skeletal warrior
 14539 | D:11     | Noticed a skeletal warrior
 14561 | D:11     | Noticed a two-headed ogre
 14566 | D:11     | Killed a two-headed ogre
 14676 | D:10     | Killed Grum
 15129 | D:10     | Found a staircase to the Lair.
 15236 | Lair:1   | Entered Level 1 of the Lair of Beasts
 15236 | Lair:1   | Noticed a seven-headed hydra
 15350 | D:11     | Reached skill level 5 in Evocations
 15553 | D:11     | Noticed a sixfirhy
 15766 | D:11     | Slain by a skeletal warrior
 15767 | D:11     | Reached XP level 10. HP: -4/51 MP: 11/11
 15797 | D:11     | Noticed a manticore
 15807 | D:11     | Noticed a skeletal warrior
 16033 | Lair:1   | HP: 2/76 [seven-headed hydra (16)]
 16034 | Lair:1   | Mangled by a seven-headed hydra
 16035 | Lair:1   | Reached XP level 9. HP: -7/70 MP: 10/10
 16042 | Lair:1   | Noticed a komodo dragon
 16047 | Lair:1   | Killed a komodo dragon
 16116 | Lair:1   | Noticed a cane toad
 16118 | Lair:1   | Killed a cane toad
 16357 | Lair:1   | Reached XP level 10. HP: 15/51 MP: 11/11
 16885 | Lair:1   | Killed a seven-headed hydra
 16886 | Lair:1   | Reached skill level 14 in Dodging
 17050 | Lair:1   | Noticed a cane toad
 17061 | Lair:1   | Killed a cane toad
 17466 | Lair:2   | Noticed a cane toad
 17480 | Lair:2   | Killed a cane toad
 17822 | Lair:2   | Noticed a cane toad
 17826 | Lair:2   | Killed a cane toad
 17840 | Lair:2   | Found a staircase to the Shoals.
 17867 | Lair:2   | Reached skill level 1 in Stealth
 17886 | Lair:2   | HP: 1/52 [basilisk (5)]
 18092 | Lair:2   | Identified the +0 pair of boots of Daffodils {Will+ Int-5
                  | Stlth+}
 19069 | Lair:3   | Noticed a death yak
 19069 | Lair:3   | Noticed a death yak
 19069 | Lair:3   | Noticed a death yak
 19069 | Lair:3   | Noticed a death yak
 19069 | Lair:3   | Noticed a death yak
 19071 | Lair:2   | HP: 2/52 [jumping spider (6)]
 19076 | Lair:2   | Reached XP level 11. HP: 12/56 MP: 12/12
 19579 | Lair:3   | Reached skill level 5 in Stealth
 20481 | Lair:4   | Noticed Kirke
 20525 | Lair:4   | Noticed a catoblepas
 22678 | Lair:5   | Gained mutation: Your thick and shaggy fur keeps you warm.
                  | (AC +3, rC+) [Felid growth]
 22678 | Lair:5   | Reached XP level 12. HP: 46/61 MP: 13/13
 22870 | Lair:6   | Entered Level 6 of the Lair of Beasts
 22875 | Lair:6   | Found a viscous altar of Jiyva.
 22875 | Lair:6   | Found a staircase to the Slime Pits.
 23097 | Lair:6   | Reached skill level 10 in Stealth
 24323 | Lair:4   | Reached skill level 15 in Dodging
 25076 | Lair:3   | Killed a death yak
 25750 | Lair:2   | Noticed a four-headed hydra
 25780 | Lair:2   | Killed a four-headed hydra
 27159 | Lair:6   | Noticed a catoblepas
 28102 | Lair:6   | Reached XP level 13. HP: 42/64 MP: 14/14
 28292 | Lair:6   | Reached ***** piety under Trog
 28850 | D:12     | Noticed Fannar
 28920 | D:12     | Reached skill level 16 in Dodging
 29125 | D:12     | Found Ishruu's Distillery.
 29129 | D:12     | Bought a potion of heal wounds for 70 gold pieces
 29129 | D:12     | Bought a potion of lignification for 42 gold pieces
 29129 | D:12     | Bought a potion of mutation for 112 gold pieces
 29129 | D:12     | Bought a potion of berserk rage for 70 gold pieces
 29129 | D:12     | Bought 2 potions of curing for 84 gold pieces
 29129 | D:12     | Bought a potion of invisibility for 112 gold pieces
 29129 | D:12     | Bought a potion of might for 56 gold pieces
 29260 | D:12     | Killed Fannar
 30522 | Orc:1    | Entered Level 1 of the Orcish Mines
 30630 | Orc:1    | Slain by an orc knight
 30631 | Orc:1    | Reached XP level 12. HP: -5/91 MP: 13/13
 30671 | Orc:2    | Entered Level 2 of the Orcish Mines
 30679 | Orc:2    | Noticed an orc high priest
 31663 | Orc:2    | Found Orchugove's Antique Armour Shop.
 31906 | Orc:2    | Killed an orc high priest
 31971 | Orc:2    | Found a staircase to the Elven Halls.
 32701 | Orc:1    | Mangled by an orc knight
 32702 | Orc:1    | Reached XP level 11. HP: -9/85 MP: 12/12
 32716 | Orc:1    | Noticed Erica
 32738 | Orc:2    | Found Zeih's Assorted Antiques.
 32896 | Orc:2    | Noticed an orc sorcerer
 32900 | Orc:2    | Killed an orc sorcerer
 32905 | Orc:2    | Bought a runed coral ring for 135 gold pieces
 32905 | Orc:2    | Bought a wavering steel amulet for 135 gold pieces
 32905 | Orc:2    | Identified the amulet of Temperance {rF+ Regen+ Str+4 Dex-5
                  | Slay-4} (You bought it in a shop on level 2 of the Orcish
                  | Mines)
 32916 | Orc:2    | Bought a cyan potion for 24 gold pieces
 32916 | Orc:2    | Bought a coppery potion for 24 gold pieces
 32916 | Orc:2    | Bought a potion of might for 108 gold pieces
 33021 | Orc:2    | Noticed an orc warlord
 33034 | Orc:2    | Noticed an orc high priest
 33035 | Orc:2    | Noticed an orc knight
 33038 | Orc:2    | Noticed an orc high priest
 33058 | Orc:1    | Killed an orc knight
 33356 | Orc:2    | Found Imupsoso's Antique Weapon Boutique.
 33372 | Orc:2    | Found a transporter.
 33373 | Orc:2    | Noticed davecave's ghost (journeyman TrMo)
 33373 | Orc:2    | Noticed a two-headed ogre
 33374 | Orc:2    | Found a transporter.
 33374 | Orc:2    | Noticed a two-headed ogre
 33375 | Orc:2    | Noticed a two-headed ogre
 33375 | Orc:2    | Identified the +9 giant club of the Devouring Blowfly
                  | {vorpal, Str+3}
 33375 | Orc:2    | Identified the +5 great mace of Understanding {chaos,
                  | *Noise Int+6}
 33375 | Orc:2    | Noticed a two-headed ogre
 33375 | Orc:2    | Noticed a two-headed ogre
 33376 | Orc:2    | Noticed a two-headed ogre
 33388 | Orc:2    | Found Peonwu's Book Shop.
 33407 | Orc:2    | Noticed an orc knight
 33412 | Orc:2    | Killed an orc warlord
 33419 | Orc:2    | HP: 3/85 [orc warrior/+0 glaive (3)]
 33421 | Orc:2    | Demolished by an orc warrior

Illustrated notes

Levels and vault maps discovered:
D:1:      dpeg_cavernosity, layout_rooms, serial_forest,
          infiniplex_forest_corner_1, infiniplex_forest_diagonal,
          infiniplex_forest_straight_4, infiniplex_forest_clump_long,
          infiniplex_forest_end_2,
          dreamdust_ecumenical_altar_hidden_monk_grotto, minmay_ruptured
D:2:      layout_basic, serial_shops, nicolae_shop_crystal
D:3:      layout_loops_ring, small_statue_intersection, chequers_arboretum,
          uniq_terence, uniq_grinder
D:4:      minmay_recursive_quarters, layout_loops_ring,
          lemuel_coloured_pillars_altar
D:5:      layout_rooms, minmay_temple_entry_hall, gup_sewer_entry_bowl,
          serial_bayou, serial_bayou_ford_a, serial_bayou_lake_a,
          serial_bayou_pond_d, serial_bayou_pond_d, serial_bayou_pond_a,
          hangedman_minor_gate_pass
D:6:      layout_cave_pools, kiku_gazebo_pond_becter,
          nicolae_hepliaklqana_monster_ancestors
D:7:      kennysheep_big_flooded_room, layout_basic,
          mainiacjoe_overflow_brackets, mainiacjoe_overflow_six_doors_small,
          nicolae_dithmenos_through_a_glass_darkly, mainiacjoe_overflow_swirl
D:8:      layout_rooms, st_stairs_3
D:9:      layout_basic, tso_metal_star
D:10:     layout_rooms, grunt_lair_entry_orc_guard_hut, uniq_lodul, uniq_grum
D:11:     layout_loops_corners, minmay_orc_entry_guard_dogs,
          minmay_misc_feat_secret_circle, the_hattery
D:12:     layout_loops_ring, serial_shops, nicolae_shop_trees,
          kennysheep_generic_room_16, uniq_fannar
D:13:     layout_gridville
Lair:1:   layout_hall_layers, minmay_hedge_maze
Lair:2:   layout_loops_ring, shoals_dummy_entry,
          nicolae_spider_entry_tight_spaces
Lair:3:   layout_misc_corridors, beast_lair_carwin_8, grunt_megastairs_1,
          serial_bayou_shore_b
Lair:4:   layout_cellular_growth, serial_bayou_pond_e, serial_bayou_shore_b,
          serial_bayou_shore_a, infiniplex_staircase_pool_2, uniq_kirke
Lair:5:   layout_roguey
Lair:6:   grunt_lair_end_beastmaster, layout_layer_cave,
          dpeg_slime_entry_enclosed, grunt_megastairs_5, lemuel_fruit_fields,
          lemuel_fruit_tree
Orc:1:    layout_caves, nicolae_volcano_entry_vermiform, uniq_erica
Orc:2:    grunt_orc_gardens, layout_diamond_mine, grunt_orc_garden,
          grunt_orc_garden, grunt_orc_garden, grunt_orc_garden, serial_shops,
          nicolae_shop_hallway_plus, gammafunk_ghost_smash

Skill      XL: |  1  2  3  4  5  6  7  8  9 10 11 12 13 |
---------------+----------------------------------------+-----
Dodging        | 5 6 8 9 11 14 15 16 | 16.3
Fighting       | 4 5 6 7 8 11 12 | 12.3
Unarmed Combat | 4 5 6 7 8 11 12 13 | 13.6
Evocations     | 3 6 8 7 |  8.1
Stealth        | 4 9 12 13 | 13.5

Action                   |  1- 3 |  4- 6 |  7- 9 | 10-12 | 13-15 || total
-------------------------+-------+-------+-------+-------+-------++-------
Melee: Unarmed           |    97 |   114 |   280 |  1169 |   149 ||  1809
       Bite              |     8 |     8 |    25 |   162 |    18 ||   221
       Punch             |     1 |     3 |    15 |   109 |    18 ||   146
Invok: Berserk           |     2 |     6 |    12 |    19 |     2 ||    41
       Trog's Hand       |       |     1 |     2 |     4 |     1 ||     8
       Brothers in Arms  |       |       |       |     2 |       ||     2
Evoke: Wand              |       |       |    22 |    27 |       ||    49
  Use: Scroll            |       |     6 |    10 |    16 |     2 ||    34
       Potion            |       |     2 |     3 |    10 |       ||    15
 Stab: Sleeping          |     5 |     4 |     1 |    11 |     2 ||    23
       Distracted        |       |     1 |       |     2 |       ||     3
Armor: Skin              |     5 |     3 |     4 |    22 |     6 ||    40
Dodge: Dodged            |    71 |    86 |   288 |  1166 |   186 ||  1797

Table legend: (Time is in decaauts)
 A = Elapsed time spent in this place.
 B = Non-inter-level travel time spent in this place.
 C = Inter-level travel time spent in this place.
 D = Time resting spent in this place.
 E = Time spent auto-exploring this place.
 F = Levels seen in this place.
 G = Mean time per level.
                   A        B        C        D        E       F      G
               +--------+--------+--------+--------+--------+-----+--------+
         Total |  30707 |  29766 |    941 |  11781 |  11663 |  22 | 1395.8 |
       Dungeon |  15465 |  15011 |    454 |   4272 |   7670 |  13 | 1189.6 |
          Lair |  11412 |  10936 |    476 |   4698 |   3750 |   6 | 1902.0 |
  Orcish Mines |   2827 |   2817 |     10 |   2245 |     22 |   2 | 1413.5 |
         Sewer |   1002 |   1002 |      0 |    565 |    220 |   1 | 1002.0 |
               +--------+--------+--------+--------+--------+-----+--------+

Top non-repeatable levels by time:
  Lair:6: 2730 daAuts
  Lair:2: 2380 daAuts
   Orc:1: 2265 daAuts
  Lair:5: 1972 daAuts
    D:10: 1925 daAuts
     D:9: 1847 daAuts
  Lair:3: 1712 daAuts
    D:12: 1621 daAuts
     D:7: 1581 daAuts
     D:6: 1435 daAuts
  Lair:4: 1364 daAuts
     D:5: 1348 daAuts
     D:1: 1260 daAuts
  Lair:1: 1251 daAuts
     D:3: 1044 daAuts
